 Seeded DCSS version 0.29-a0-418-gc0181ea820 (webtiles) character file.

Game seed: 696969 (custom seed)

61516 davecave the Brawler (level 14, -2/143 HPs)
             Began as a Troll Monk on May 17, 2022.
             Was an Initiate of Gozag.
             Killed by divine providence
             ... invoked by an orc high priest
              (13 damage)
             ... on level 2 of the Orcish Mines.
             The game lasted 00:55:34 (14464 turns).

davecave the Brawler (Troll Monk)                  Turns: 14464, Time: 00:55:34

Health: -2/143     AC: 32    Str: 24    XL:     14   Next: 60%
Magic:  13/13      EV:  6    Int: 10    God:    Gozag
Gold:   3337       SH: 30    Dex: 12    Spells: 13/13 levels left

rFire   + . .      SeeInvis +     - Unarmed
rCold   + + .      Faith    .   f - +10 tower shield "Foypapp" {rN+}
rNeg    + + +      Spirit   .   d - +9 shadow dragon scales "Ytwiz" {rC+ rN++ Int+2 Stlth++++}
rPois   +          Reflect  +   e - -2 hat of the Alchemist {rElec rPois rF+ rC+ rN+ Will+ rMut rCorr}
rElec   +          Harm     .   G - +2 cloak {rPois}
rCorr   +          Rampage  .   (gloves unavailable)
rMut    +                       (boots unavailable)
Will    +++..                   D - amulet of reflection
Stlth   +++.......              h - ring of see invisible
HPRegen 1.13/turn               K - ring "Wojynyav" {Will+ AC+4}
MPRegen 0.13/turn

@: gold aura
A: large, unfitting armour, claws 3, regeneration 1, shaggy fur 1, tough skin 1
a: Renounce Religion, Potion Petition, Call Merchant, Bribe Branch


You were on level 2 of the Orcish Mines.
You worshipped Gozag.
Gozag was most pleased with you.
You visited 3 branches of the dungeon, and saw 18 of its levels.
You also visited: Gauntlet.

You collected 5485 gold pieces.
You spent 2148 gold pieces at shops.

Inventory:

Missiles
 w - 2 silver javelins (quivered)
 A - 3 curare-tipped darts
 R - 26 large rocks
Armour
 d - the +9 shadow dragon scales "Ytwiz" (worn) {rC+ rN++ Int+2 Stlth++++}
   (You bought it in a shop on level 11 of the Dungeon)

   Int:       It affects your intelligence (+2).
   rC:        It protects you from cold.
   rN:        It greatly protects you from negative energy.
   Stlth:     It makes you much more stealthy.
 e - the -2 hat of the Alchemist (worn) {rElec rPois rF+ rC+ rN+ Will+ rMut rCorr}
   (You acquired it on level 1 of the Dungeon)

   rF:        It protects you from fire.
   rC:        It protects you from cold.
   rElec:     It insulates you from electricity.
   rPois:     It protects you from poison.
   rN:        It protects you from negative energy.
   rCorr:     It protects you from acid and corrosion.
   rMut:      It protects you from mutation.
   Will:      It increases your willpower.
 f - the +10 tower shield "Foypapp" (worn) {rN+}
   (You acquired it on level 1 of the Dungeon)

   rN:        It protects you from negative energy.
 r - +1 gold dragon scales
 G - a +2 cloak of poison resistance (worn)
 H - an orb of mayhem
Jewellery
 g - an amulet of regeneration
 h - a ring of see invisible (left claw)
 D - an amulet of reflection (around neck)
 K - the ring "Wojynyav" (right claw) {Will+ AC+4}
   (You found it in a Gauntlet)

   [ring of protection]

   AC:        It affects your AC (+4).
   Will:      It increases your willpower.
 P - a ring of magical power
 Q - a ring of protection from cold
Wands
 a - a wand of mindburst (19)
 q - a wand of iceblast (4)
 B - a wand of acid (5)
 F - a wand of flame (21)
 J - a wand of paralysis (2)
Scrolls
 c - 2 scrolls of immolation
 j - 15 scrolls of teleportation
 o - 3 scrolls of blinking
 s - a scroll of enchant weapon
 t - a scroll of torment
 v - 2 scrolls of vulnerability
 x - 3 scrolls of fear
 y - 2 scrolls of identify
 z - 3 scrolls of noise
 E - a scroll of summoning
 O - 2 scrolls of amnesia
 T - a scroll of fog
Potions
 b - 2 potions of ambrosia
 i - 4 potions of brilliance
 k - 3 potions of might
 l - 4 potions of degeneration
 m - 2 potions of lignification
 n - 2 potions of haste
 p - 8 potions of curing
 u - 5 potions of attraction
 C - 3 potions of mutation
 I - 3 potions of flight
 M - a potion of berserk rage
 N - a potion of magic
 U - 2 potions of cancellation
Miscellaneous
 L - a condenser vane (inert)


   Skills:
 - Level 10.0 Fighting
 - Level 10.4 Armour
 + Level 6.1 Dodging
 - Level 1.0 Stealth
 - Level 10.0 Shields
 - Level 16.1 Unarmed Combat


You had 13 spell levels left.
You didn't know any spells.
Your spell library contained the following spells:

 Spells                   Type           Power      Damage    Failure   Level
 Animate Skeleton         Necr           0%         N/A       100%        1
 Apportation              Tloc           0%         N/A       100%        1
 Foxfire                  Conj/Fire      0%         2x1d4     100%        1
 Sandblast                Erth           0%         2d4       100%        1
 Slow                     Hex            0%         N/A       100%        1
 Sting                    Tmut/Pois      0%         1d3       100%        1
 Summon Small Mammal      Summ           0%         N/A       100%        1
 Corpse Rot               Necr/Air       0%         N/A       100%        2
 Passwall                 Tmut/Erth      0%         N/A       100%        2
 Poisonous Vapours        Pois/Air       0%         N/A       100%        2
 Scorch                   Fire           0%         2d5       100%        2
 Call Canine Familiar     Summ           0%         N/A       100%        3
 Confusing Touch          Hex            0%         N/A       100%        3
 Conjure Flame            Conj/Fire      0%         6-21      100%        3
 Gell's Gravitas          Tloc           0%         N/A       100%        3
 Ignite Poison            Fire/Tmut/Pois 0%         N/A       100%        3
 Inner Flame              Hex/Fire       0%         N/A       100%        3
 Mephitic Cloud           Conj/Pois/Air  0%         N/A       100%        3
 Stone Arrow              Conj/Erth      0%         3d7       100%        3
 Summon Guardian Golem    Hex/Summ       0%         N/A       100%        3
 Teleport Other           Tloc           0%         N/A       100%        3
 Vampiric Draining        Necr           0%         2d6       100%        3
 Flame Wave               Conj/Fire      0%         2d4       100%        4
 Summon Lightning Spire   Summ/Air       0%         N/A       100%        4
 Freezing Cloud           Conj/Ice/Air   0%         6-21      100%        5
 Lightning Bolt           Conj/Air       0%         1d11      100%        5
 Manifold Assault         Tloc           0%         N/A       100%        5
 Dispersal                Tloc           0%         N/A       100%        6
 Eringya's Noxious Bog    Tmut/Pois      0%         N/A       100%        6
 Iron Shot                Conj/Erth      0%         9d1       100%        6
 Statue Form              Tmut/Erth      0%         N/A       100%        6
 Summon Cactus Giant      Summ           0%         N/A       100%        6
 Borgnjor's Revivificati  Necr           0%         N/A       100%        8
 Necromutation            Tmut/Necr      0%         N/A       100%        8
 Summon Horrible Things   Summ           0%         N/A       100%        8
 Death's Door             Necr           0%         N/A       100%        9


Dungeon Overview and Level Annotations

Branches:
Dungeon (15/15)            Temple (1/1) D:4            Lair (0/6) D:11
    Orc (2/2) D:10            Elf (0/3) Orc:2        Vaults (0/5) D:14
 Depths (0/4) D:15        Gauntlet (visited)

Altars:
Ashenzari
Cheibriados
Dithmenos
Elyvilon
Fedhas
Gozag
Hepliaklqana
Kikubaaqudgha
Makhleb
Nemelex Xobeh
Okawaru
Qazlal
Ru
Sif Muna
Trog
Uskayaw
Vehumet
Wu Jian
Xom
Yredelemnul
Zin
The Shining One

Shops:
D:11 [[   Orc:2 ?:[

Annotations:
D:9 1 transporter


Innate Abilities, Weirdness & Mutations

You are too large for most types of armour.
You have claws for hands.
Your natural rate of healing is unusually fast.
You are covered in fur. (AC +1)
You have tough skin. (AC +1)


Message History

You eviscerate the warg!!!
You kill the warg!
You block the orc's attack.
The orc priest invokes the aid of Beogh against you.
Beogh smites you!
* * * LOW HITPOINT WARNING * * *
You see here 20 gold pieces.
You barely miss the orc. You block the orc's attack.
Okay, then.
Okay, then.
You scratch the orc.
The orc is moderately wounded.
You block the orc's attack.
The orc priest is distracted by your dazzling golden aura.
You closely miss the orc.
The orc is moderately wounded.
Unknown command.
The orc priest shouts!
The orc wizard shouts!
You claw the orc!
You kill the orc!
You hear a shout!
The orc wizard gestures wildly while chanting.
The orc wizard flickers and vanishes for a moment.
Unknown command.
The orc wizard is distracted by your dazzling golden aura.
Things that are here:
5 gold pieces; a +2 mace of draining The orc priest is no longer distracted by gold.
You block the orc wizard's attack.
The orc high priest calls down the wrath of Beogh upon you.
Beogh smites you!
* * * LOW HITPOINT WARNING * * *
You block the orc priest's attack.
You mangle the orc priest!!
You kill the orc priest!
The orc wizard hits you but does no damage.
The orc high priest invokes the aid of Beogh against you.
Beogh smites you!
You die...
Your body crumbles into a pile of gold.

#≈≈≈.#..#.≈≈≈..).#...
#§≈.≈#..#≈.≈≈.)).....
##≈≈≈≈#..#≈≈≈≈..)))...
##.≈≈≈≈#..#≈§§§))))..#.
#......####§§§.))))..##
##.#....#......##)#.)..
####$.#.....####)#...#
##$........#.......
##.@........#..#.#..
#.o$...........####.
#................###
####o)...#.......)..##
##.#..o....#..........#
#..<.ooo###.#..........
##....................#
#...................##
##.#...............##


You could see 2 orc high priests and 4 orc wizards.

Vanquished Creatures
  Rupert (D:13)
  Roxanne (D:15)
  3 orc warlords
  Nessos (D:14)
  A minotaur (Gauntlet)
  Snorg (D:14)
  A great orb of eyes (D:15)
  A boulder beetle (D:12)
  4 hydras
  The ghost of royokou the Ruffian, a novice TrTm of Ru (D:9)
  7 two-headed ogres
  5 centaur warriors
  A death scarab (Gauntlet)
  An orc high priest (Orc:2)
  A fire crab (Gauntlet)
  A spectral hydra (Gauntlet)
  A wizard (D:15)
  A necromancer (D:15)
  A deep elf zephyrmancer (D:15)
  12 orc knights
  5 orc sorcerers
  An oklob plant (D:11)
  A manticore (D:15)
  6 ugly things
  8 cyclopes
  A centaur zombie (D:15)
  Maurice (D:9)
  A naga mage (D:15)
  2 centaur skeletons (D:15)
  A gargoyle (D:13)
  An unseen horror (D:10)
  An unseen horror (shapeshifter) (D:13)
  A komodo dragon (D:11)
  5 efreet
  5 trolls
  A wolf spider simulacrum (D:15)
  A hornet (D:11)
  20 slime creatures
  A tarantella (shapeshifter) (D:14)
  Sigmund (D:2)
  3 wyverns
  3 shadows
  A water elemental (D:15)
  16 yaks
  3 fire bats (Gauntlet)
  2 wraiths (D:13)
  3 fire elementals (Gauntlet)
  Grum (D:8)
  15 humans
  A steam dragon (D:8)
  12 vampire mosquitoes
  Menkaure (D:6)
  12 wargs
  An acid dragon (D:10)
  3 hell hounds (Gauntlet)
  An ice beast (D:8)
  2 black bears (D:6)
  21 orc warriors
  A sky beast (D:6)
  2 wolves (D:8)
  10 ogres
  15 centaurs
  2 kobold brigands
  A necrophage (D:6)
  4 bullfrogs
  4 scorpions
  9 killer bees
  A howler monkey (D:11)
  2 electric eels (D:15)
  2 hounds (D:5)
  3 jellies
  Crazy Yiuf (D:6)
  4 gnoll shamans
  20 orc priests
  18 orc wizards
  Ijyb (D:5)
  6 iguanas
  Natasha (twice) (D:2)
  13 gnolls
  6 adders
  A white imp (D:7)
  An ufetubus (D:5)
  A dart slug (D:1)
  70 orcs
  6 bats
  10 endoplasms
  5 giant cockroaches
  13 goblins
  3 hobgoblins
  10 jackals
  20 kobolds
  4 quokkas
  5 ball pythons
  4 frilled lizards
  5 rats
496 creatures vanquished.

Vanquished Creatures (collateral kills)
  An orc warrior (D:12)
  4 orc priests (D:12)
  9 orcs (D:12)
14 creatures vanquished.

Vanquished Creatures (others)
  A human (D:14)
  3 orcs
  A quokka (D:8)
  3 fungi (D:6)
  A withered plant (Gauntlet)
9 creatures vanquished.

Grand Total: 519 creatures vanquished

Notes
Turn   | Place    | Note
-------+----------+-------------------------------------------
     0 | D:1      | davecave the Troll Monk began the quest for the Orb.
     0 | D:1      | Reached XP level 1. HP: 22/22 MP: 0/0
    79 | D:1      | Reached XP level 2. HP: 27/29 MP: 1/1
   100 | D:1      | Identified 3 scrolls of acquirement
   100 | D:1      | Acquired the -2 hat of the Alchemist {rElec rPois rF+ rC+
                  | rN+ Will+ rMut rCorr}
   100 | D:1      | Found the -2 hat of the Alchemist {rElec rPois rF+ rC+ rN+
                  | Will+ rMut rCorr}
   102 | D:1      | Acquired the +10 tower shield "Foypapp" {rN+}
   463 | D:1      | Reached XP level 3. HP: 37/37 MP: 2/2
   608 | D:2      | Reached skill level 1 in Armour
  1340 | D:2      | Noticed Natasha
  1353 | D:2      | Killed Natasha
  1354 | D:2      | Reached XP level 4. HP: 22/45 MP: 3/3
  1368 | D:2      | Noticed Natasha
  1375 | D:2      | Killed Natasha
  1409 | D:2      | Noticed Sigmund
  1417 | D:2      | Killed Sigmund
  1418 | D:2      | Reached XP level 5. HP: 47/53 MP: 4/4
  1418 | D:2      | Reached XP level 6. HP: 55/61 MP: 5/5
  1709 | D:3      | Found an iron altar of Okawaru.
  1973 | D:3      | Found a faded altar of an unknown god.
  2244 | D:4      | Reached skill level 5 in Armour
  2381 | D:4      | Found a staircase to the Ecumenical Temple.
  2392 | Temple   | Entered the Ecumenical Temple
  2615 | Temple   | Became a worshipper of Gozag Ym Sagoz the Greedy
  2873 | D:4      | Reached skill level 4 in Unarmed Combat
  2873 | D:4      | Reached XP level 7. HP: 66/67 MP: 6/6
  3058 | D:5      | Entered Level 5 of the Dungeon
  3143 | D:5      | Found a blossoming altar of Fedhas.
  3149 | D:5      | Reached skill level 5 in Unarmed Combat
  3317 | D:5      | Reached skill level 6 in Unarmed Combat
  3408 | D:5      | Noticed Ijyb
  3416 | D:5      | Killed Ijyb
  3677 | D:6      | Noticed Menkaure
  3769 | D:6      | Reached skill level 7 in Unarmed Combat
  3769 | D:6      | Reached XP level 8. HP: 75/75 MP: 7/7
  3839 | D:6      | Reached skill level 8 in Unarmed Combat
  3924 | D:6      | Got the Reference Book on Dislocated Illusion
  3965 | D:6      | Reached skill level 9 in Unarmed Combat
  4132 | D:6      | Identified the -5 helmet "Taibo" {rC- rN+++}
  4179 | D:6      | Killed Menkaure
  4187 | D:6      | Reached skill level 10 in Unarmed Combat
  4187 | D:6      | Reached XP level 9. HP: 52/81 MP: 8/8
  4281 | D:6      | Found a snail-covered altar of Cheibriados.
  4289 | D:6      | Found a basalt altar of Yredelemnul.
  4384 | D:6      | Found a runed translucent door.
  4385 | D:6      | Noticed Crazy Yiuf
  4389 | D:6      | Killed Crazy Yiuf
  4864 | D:7      | Reached skill level 11 in Unarmed Combat
  5894 | D:8      | Noticed Grum
  5912 | D:8      | Killed Grum
  5918 | D:8      | Reached skill level 12 in Unarmed Combat
  6050 | D:8      | Found a white marble altar of Elyvilon.
  6230 | D:9      | Noticed Maurice
  6232 | D:9      | Noticed royokou's ghost (novice TrTm)
  6248 | D:9      | Killed Maurice
  6255 | D:9      | Noticed a centaur warrior
  6274 | D:9      | Found a runed translucent gate.
  6431 | D:9      | Reached skill level 13 in Unarmed Combat
  6431 | D:9      | Reached XP level 10. HP: 65/91 MP: 9/9
  6522 | D:9      | Found a sparkling altar of Nemelex Xobeh.
  6522 | D:9      | Found a transporter.
  6522 | D:9      | Noticed a manticore
  6610 | D:9      | Found a runed translucent gate.
  6610 | D:9      | Found a runed translucent gate.
  6623 | D:9      | Found a glowing golden altar of the Shining One.
  7085 | D:9      | Killed royokou's ghost
  7086 | D:9      | Reached skill level 14 in Unarmed Combat
  7125 | D:9      | Killed a centaur warrior
  7165 | D:10     | Entered Level 10 of the Dungeon
  7170 | D:10     | Noticed a two-headed ogre
  7173 | D:10     | Reached skill level 15 in Unarmed Combat
  7176 | D:10     | Killed a two-headed ogre
  7284 | D:10     | Reached XP level 11. HP: 97/97 MP: 10/10
  7667 | D:10     | Found a shimmering altar of Xom.
  7668 | D:10     | Found a shimmering altar of Xom.
  7673 | D:10     | Found a shimmering altar of Xom.
  7685 | D:10     | Found a staircase to the Orcish Mines.
  7693 | D:10     | Reached skill level 16 in Unarmed Combat
  8050 | D:11     | Noticed a two-headed ogre
  8174 | D:11     | Killed a two-headed ogre
  8310 | D:11     | Found Naqi's Antique Armour Shop.
  8389 | D:11     | Found a staircase to the Lair.
  8389 | D:11     | Noticed an oklob plant
  8396 | D:11     | Killed an oklob plant
  8422 | D:11     | Noticed a seven-headed hydra
  8638 | D:11     | Found Schrutan's Dragon-Slaying Spoils.
  8645 | D:11     | Acquired 391 gold pieces
  8647 | D:11     | Bought the +9 shadow dragon scales "Ytwiz" {rC+ rN++ Int+2
                  | Stlth++++} for 2148 gold pieces
  9044 | D:11     | Killed an eight-headed hydra
  9112 | D:12     | Noticed a five-headed hydra
  9124 | D:12     | Killed a 12-headed hydra
  9315 | D:12     | Noticed a two-headed ogre
  9323 | D:12     | Killed a two-headed ogre
  9383 | D:12     | Noticed a boulder beetle
  9398 | D:12     | Killed a boulder beetle
  9399 | D:12     | Reached XP level 12. HP: 106/106 MP: 11/11
  9462 | D:12     | Found an ornate altar of the Wu Jian Council.
  9648 | D:12     | You fall into a shaft and drop 3 floors!
  9648 | D:15     | Entered Level 15 of the Dungeon
  9656 | D:15     | Noticed a centaur warrior
  9677 | D:15     | Noticed a four-headed hydra
  9707 | D:14     | Noticed a centaur warrior
  9719 | D:14     | Found a gate leading to a gauntlet.
  9726 | D:14     | Killed a centaur warrior
  9727 | D:14     | Reached skill level 5 in Fighting
  9746 | Gauntlet | Entered a Gauntlet
  9746 | Gauntlet | Found a transporter.
  9746 | Gauntlet | Found a transporter.
  9759 | Gauntlet | Noticed a death scarab
  9772 | Gauntlet | Found a transporter.
  9776 | Gauntlet | Found a transporter.
  9787 | Gauntlet | Found a transporter.
  9801 | Gauntlet | Found a transporter.
  9815 | Gauntlet | Found a transporter.
  9820 | Gauntlet | Found a runed translucent door.
  9827 | Gauntlet | Found a transporter.
  9842 | Gauntlet | Found a transporter.
  9846 | Gauntlet | Found a transporter.
  9847 | Gauntlet | Noticed a tengu warrior
  9855 | Gauntlet | Found a transporter.
  9859 | Gauntlet | Found a transporter.
  9917 | Gauntlet | Identified the ring "Wojynyav" {Will+ AC+4}
  9924 | Gauntlet | Killed a death scarab
 10053 | Gauntlet | Got the Volume of the Hurtful Escort
 10126 | Gauntlet | Identified the +4 battleaxe "Kamov" {pain, rF+ Int+4 Dex+3}
 10141 | Gauntlet | Identified the +10 flail of the Poles {vorpal, rPois Int-5
                  | Dex+2}
 10141 | Gauntlet | Identified the +5 scale mail of the Villain {rElec Str+4
                  | SInv Stlth-}
 10141 | Gauntlet | Noticed a minotaur
 10157 | Gauntlet | Killed a minotaur
 10236 | Gauntlet | Got the Grimoire of Changing
 10240 | Gauntlet | Identified the +0 steam dragon scales of Qikk {Int+3
                  | Stlth+}
 11298 | D:13     | Noticed Rupert
 11311 | D:13     | Killed Rupert
 11312 | D:13     | Reached XP level 13. HP: 116/132 MP: 12/12
 11830 | D:14     | Noticed Nessos
 11830 | D:14     | Found a gate to the Vaults.
 11835 | D:13     | Reached skill level 10 in Fighting
 11852 | D:14     | Reached skill level 5 in Shields
 11852 | D:14     | Killed Nessos
 11859 | D:14     | Noticed Snorg
 11965 | D:14     | Killed Snorg
 12078 | D:14     | Found a shimmering blue altar of Sif Muna.
 12340 | D:14     | Got Sif Muna's Incunabulum of Intoxication
 12468 | D:15     | Found a staircase to the Depths.
 12956 | D:15     | Identified Roxanne's Handbook of Stones
 12956 | D:15     | Noticed Roxanne
 12968 | D:15     | Killed Roxanne
 13137 | D:15     | Reached XP level 14. HP: 133/143 MP: 13/13
 13144 | D:15     | Reached skill level 10 in Shields
 13411 | Orc:1    | Entered Level 1 of the Orcish Mines
 13426 | Orc:1    | Noticed an orc warlord
 13521 | D:10     | Killed an orc warlord
 13626 | Orc:1    | Noticed an orc warlord
 13645 | Orc:1    | Killed an orc warlord
 13866 | Orc:2    | Entered Level 2 of the Orcish Mines
 13866 | Orc:2    | Found a staircase to the Elven Halls.
 14060 | Orc:2    | Found Hinoo's Book Shop.
 14109 | Orc:2    | Noticed an orc warlord
 14112 | Orc:2    | Found Piuschul's Armour Emporium.
 14141 | Orc:2    | Reached skill level 5 in Dodging
 14148 | Orc:2    | Killed an orc warlord
 14149 | Orc:2    | Reached skill level 10 in Armour
 14310 | Orc:2    | Found Cewuaha's Magic Scroll Shoppe.
 14464 | Orc:2    | Killed from afar by an orc high priest

Illustrated notes

Levels and vault maps discovered:
D:1:      minmay_arrival_stair_chambers, layout_basic
D:2:      minmay_recursive_quarters, layout_basic, skrybe_limestone_x,
          uniq_sigmund, uniq_natasha
D:3:      layout_basic, mainiacjoe_overflow_concentric_impassable,
          ebering_ecumenical_altar_sacrificial, columned_hall_lemuel
D:4:      layout_loops_cross, minmay_temple_entry_hall, lightli_corner_chamber
D:5:      layout_basic, mainiacjoe_overflow_boulevard, uniq_ijyb
D:6:      layout_rooms, mainiacjoe_overflow_large_starburst,
          chequers_serial_rivers_micro_e, minmay_fractal_squares_gapless_5,
          uniq_crazy_yiuf_cottage, uniq_menkaure
D:7:      layout_basic, kennysheep_generic_room_10
D:8:      layout_gridville, elyvilon_altar_4, uniq_grum
D:9:      layout_roguey, mainiacjoe_overflow_alcove_4, grunt_nemelex_the_gamble,
          gammafunk_ghost_split, uniq_maurice
D:10:     layout_rooms, xom_shifter_show, minmay_orc_entry_guard_dogs,
          minmay_chambers_of_fives
D:11:     layout_loops_cross, dpeg_oklobed_lair, serial_shops, shop,
          serial_rivers, chequers_serial_rivers_large_a,
          chequers_serial_rivers_room_a, chequers_serial_rivers_small_b,
          chequers_serial_rivers_room_a, chequers_serial_rivers_marsh,
          chequers_serial_rivers_micro_e, grunt_decor_mini_mirrors, st_stairs_2,
          nicolae_shop_dragon_depot
D:12:     layout_roguey [special_room_orc], pdpol_wu_jian_five_deadly_venoms
D:13:     minmay_general_purpose_star, layout_small_grid,
          chequers_serial_rivers_small_3, uniq_rupert
D:14:     layout_rooms, david_vaults_3, gauntlet_entry_generic, led_sif_book,
          uniq_snorg
D:15:     grunt_enter_depths_magical_seal, layout_basic,
          nicolae_figureground_pulse, drop_trap, minivault_11, uniq_roxanne
Temple:   eino_temple_water
Orc:1:    layout_caves
Orc:2:    st_orc_mages, layout_diamond_mine, guppyfry_orc_lava_fort

Skill      XL: |  1  2  3  4  5  6  7  8  9 10 11 12 13 14 |
---------------+-------------------------------------------+-----
Fighting       | 3 9 10 | 10.0
Dodging        | 3 6 |  6.1
Armour         | 2 4 5 9 10 | 10.4
Unarmed Combat | 4 7 10 13 15 16 | 16.1
Shields        | 9 10 | 10.0
Stealth        | |  1.0

Action                   |  1- 3 |  4- 6 |  7- 9 | 10-12 | 13-15 || total
-------------------------+-------+-------+-------+-------+-------++-------
Melee: Unarmed           |   115 |   132 |   286 |   505 |   522 ||  1560
       Punch             |     2 |     1 |     5 |    38 |    19 ||    65
Evoke: Wand              |       |       |       |     8 |     5 ||    13
       Condenser vane    |       |       |       |     1 |     2 ||     3
  Use: Scroll            |     2 |    10 |     9 |    10 |     4 ||    35
       Potion            |       |       |       |     2 |     2 ||     4
 Stab: Distracted        |       |       |     4 |     2 |     4 ||    10
       Sleeping          |       |       |       |     2 |     3 ||     5
       Confused          |       |       |       |       |     3 ||     3
Armor: Robe              |    36 |       |       |       |       ||    36
       Gold dragon scale |    14 |   136 |   221 |   180 |       ||   551
       Shadow dragon sca |       |       |       |   200 |   211 ||   411
Dodge: Dodged            |    58 |     9 |    28 |   107 |    72 ||   274
Block: Other             |       |       |    45 |    92 |    15 ||   152
       Reflection        |       |       |     4 |    10 |    24 ||    38
       Orb               |       |       |       |     4 |       ||     4
       Tower shield      |       |       |       |       |   624 ||   624

Table legend: (Time is in decaauts)
 A = Elapsed time spent in this place.
 B = Non-inter-level travel time spent in this place.
 C = Inter-level travel time spent in this place.
 D = Time resting spent in this place.
 E = Time spent auto-exploring this place.
 F = Levels seen in this place.
 G = Mean time per level.
                   A        B        C        D        E       F      G
               +--------+--------+--------+--------+--------+-----+--------+
         Total |  14245 |  13131 |   1114 |    529 |   8867 |  19 |  749.7 |
       Dungeon |  12549 |  11483 |   1066 |    454 |   8230 |  15 |  836.6 |
        Temple |    239 |    215 |     24 |      0 |    166 |   1 |  239.0 |
  Orcish Mines |    905 |    881 |     24 |     17 |    362 |   2 |  452.5 |
      Gauntlet |    550 |    550 |      0 |     57 |    109 |   1 |  550.0 |
               +--------+--------+--------+--------+--------+-----+--------+

Top non-repeatable levels by time:
    D:11: 1130 daAuts
    D:12: 1127 daAuts
     D:2: 1043 daAuts
    D:15: 992 daAuts
    D:13: 990 daAuts
     D:9: 966 daAuts
     D:4: 943 daAuts
    D:10: 883 daAuts
     D:7: 736 daAuts
     D:5: 724 daAuts
     D:6: 719 daAuts
     D:8: 677 daAuts
   Orc:2: 579 daAuts
     D:1: 568 daAuts
Gauntlet: 550 daAuts
